Map: New Repugnancy LE

Players

kiczz - Winner!

  • Race: Terran Terran
  • League: Master
  • Spawn Location: 7:00

Mez

  • Race: Terran Terran
  • League: Master
  • Spawn Location: 1:00

VOD

Have the link to the VOD?

Description

Time

  • Played on: Aug. 11, 2019, 8:58 a.m.
  • Length: 6:24
Show
View Real Time Build Order
Export as new Build Order

kiczz Terran - Winner!

Build Orders: 1/1/1, Liberator Opening 

Get SALT Encoding   

  12  0:00  SCV  
  13  0:12  SCV  
  14  0:17  Supply Depot  
  14  0:25  SCV  
  14  0:28  Refinery  
  15  0:39  SCV  
  16  0:44  Barracks  
  16  0:51  SCV  
  16  0:56  Refinery  
  17  1:03  SCV  
  18  1:15  SCV  
  19  1:31  Orbital Command  
  19  1:32  Reaper  
  20  1:34  Factory  
  20  1:50  Supply Depot  
  20  1:56  SCV  
  21  2:04  Reaper  
  22  2:09  SCV  
  23  2:18  Hellion  
  23  2:21  Starport  
  25  2:26  SCV  
  26  2:41  Hellion  
  28  2:44  Reaper  
  28  2:45  SCV  
  28  2:48  Supply Depot  
  30  2:53  Liberator  
  30  2:57  SCV  
  31  3:10  Hellion  
  36  3:16  Reaper  
  37  3:27  SCV  
  39  3:34  Hellion  
  38  3:46  SCV  
  39  3:53  Barracks Reactor  
  39  3:54  Starport Tech Lab  
  39  3:56  Command Center  
  39  4:01  Factory Tech Lab  
  39  4:21  Cloaking Field, Supply Depot  
  39  4:22  SCV, Banshee  
  37  4:35  Marine x2  
  37  4:36  Siege Tank  
  40  4:45  SCV  
  41  4:48  Barracks  
  41  4:51  Barracks  
  41  4:53  Marine x2  
  39  5:05  Banshee  
  42  5:10  SCV  
  42  5:11  Siege Tank  
  48  5:22  Orbital Command  
  48  5:25  SCV  
  46  5:33  Marine x2  
  46  5:37  SCV  
  46  5:39  Barracks Reactor, Barracks Tech Lab  
  47  5:49  SCV  
  52  5:50  SCV  
  52  5:56  Marine x2  
  53  6:00  Marine  
  53  6:01  SCV  
  53  6:02  SCV  
  56  6:04  Supply Depot  
Show
View Real Time Build Order
Export as new Build Order

Mez Terran 

Build Orders: Reaper Expand 

Get SALT Encoding   

  12  0:00  SCV  
  13  0:13  SCV  
  14  0:17  Supply Depot  
  14  0:25  SCV  
  15  0:39  SCV  
  15  0:41  Barracks  
  16  0:46  Refinery  
  16  0:51  SCV  
  17  1:03  SCV  
  18  1:15  SCV  
  19  1:28  Orbital Command  
  19  1:30  Reaper  
  20  1:44  Command Center  
  20  1:53  Supply Depot  
  20  1:57  SCV  
  21  2:03  Barracks Reactor  
  21  2:08  Refinery  
  21  2:09  SCV  
  22  2:21  Bunker, SCV  
  23  2:30  Factory  
  23  2:35  SCV  
  24  2:40  Marine  
  24  2:41  Marine  
  25  2:52  SCV  
  25  2:58  Marine x2, Orbital Command  
  28  3:14  Hellion  
  28  3:16  Marine x2  
  31  3:24  SCV x2  
  32  3:34  Marine x2  
  32  3:36  SCV  
  32  3:39  Starport  
  35  3:46  SCV  
  36  3:48  SCV, Factory Tech Lab  
  36  3:52  Marine x2  
  39  4:02  SCV x2  
  41  4:14  SCV  
  41  4:15  Cyclone  
  41  4:16  Starport Tech Lab  
  40  4:20  SCV  
  39  4:26  SCV  
  39  4:32  SCV  
  39  4:38  SCV  
  39  4:44  Marine  
  39  4:45  SCV  
  41  4:50  SCV  
  41  4:57  SCV  
  41  4:58  Siege Tank  
  41  4:59  Raven  
  46  5:07  Supply Depot  
  46  5:10  SCV x2  
  48  5:19  Marine x2  
  50  5:22  SCV x2  
  50  5:25  Refinery  
  52  5:34  SCV x2  
  54  5:36  Siege Tank  
  54  5:41  Marine x2  
  59  5:46  SCV x2  
  61  5:51  Supply Depot  
  61  5:58  SCV  
  61  6:01  Supply Depot  
  62  6:07  Command Center  
  62  6:08  SCV  
  61  6:11  SCV  
Tags
 
Add a new tag
Caveats
  • Supply blocks, unpowered buildings, or Contaminate may cause inaccurate times.
  • Supply counts are checked every 10 seconds.